 Dungeon Crawl Stone Soup version 0.29.0-4-gdea44cf6ec (webtiles) character file.

Game seed: 7504971157241183048

81 qw the Sneak (level 4, -1/36 HPs)
             Began as a Ghoul Enchanter on Sept 8, 2022.
             Slain by a gnoll
             ... wielding a +0 whip
              (5 damage)
             ... on level 3 of the Dungeon.
             The game lasted 00:01:18 (2291 turns).

qw the Sneak (Ghoul Enchanter)                      Turns: 2291, Time: 00:01:19

Health: -1/36      AC:  4    Str: 13    XL:     4   Next: 40%
Magic:  5/5        EV: 11    Int: 10    God:
Gold:   157        SH:  2    Dex:  9    Spells: 6/6 levels left

rFire   . . .      SeeInvis .   Y - +2 rapier (elec)
rCold   + . .      Faith    .   e - +0 buckler
rNeg    + + +      Spirit   .   g - +0 leather armour
rPois   inf        Reflect  .   (no helmet)
rElec   .          Harm     .   d - +0 cloak
rCorr   .          Rampage  .   (no gloves)
Will    .....                   (no boots)
Stlth   ++........              (no amulet)
HPRegen 0.00/turn               (no ring)
MPRegen 0.09/turn               (no ring)

@: inhibited regen
A: claws 1, cold resistance 1, negative energy resistance 3, inhibited
regeneration, torment resistance 2, devour on kill
a: no special abilities


You were on level 3 of the Dungeon.
You visited 1 branch of the dungeon, and saw 3 of its levels.

You collected 157 gold pieces.


Innate Abilities, Weirdness & Mutations

You are immune to poison.
You have sharp fingernails.
Your flesh is cold resistant. (rC+)
You are immune to negative energy. (rN+++)
You do not regenerate when monsters are visible.
You are immune to unholy pain and torment.
You thrive by killing the living.


   Skills:
 - Level 2.0 Fighting
 - Level 0.8 Short Blades
 + Level 2.9 Axes
 - Level 1.7 Dodging
 - Level 3.2 Stealth
 - Level 1.7 Spellcasting
 - Level 2.4 Hexes


You had 6 spell levels left.
You didn't know any spells.
Your spell library contained the following spells:

 Spells                   Type           Power      Damage    Failure   Level
 Ensorcelled Hibernation  Hex/Ice        6%         N/A       47%         2
 Confusing Touch          Hex            5%         N/A       54%         3
 Tukima's Dance           Hex            5%         N/A       54%         3
 Dazzling Flash           Conj/Hex       6%         N/A       71%         3

Inventory:

Hand Weapons
 Y - a +2 rapier of electrocution (weapon)
Armour
 d - a +0 cloak (worn)
 e - a +0 buckler (worn)
 g - a +0 leather armour (worn)
Jewellery
 b - the amulet of Elemental Vulnerability {rPois rF-- rC-- AC+8}
   (You found it on level 3 of the Dungeon)

   [amulet of nothing]

   AC:        It affects your AC (+8).
   rF:        It makes you very vulnerable to fire.
   rC:        It makes you very vulnerable to cold.
   rPois:     It protects you from poison.
Potions
 a - a potion of might {unknown}
 c - a potion of curing {unknown}
 f - a potion of degeneration {unknown}
 i - 2 potions of haste

Dungeon Overview and Level Annotations

Branches:
Dungeon (3/15)

Altars:

Shops:
D:1 (   D:2 :


Message History

You now have 148 gold pieces (gained 13).
Found a stone staircase leading down.
There is a stone staircase leading down here.
There is a stone staircase leading down here.
You now have 157 gold pieces (gained 9).
A gnoll comes into view. It is wielding a +0 spear.
A gnoll comes into view. It is wielding a +0 whip.
The gnoll shouts!
A gnoll comes into view. It is wielding a +0 spear.
The gnoll shouts!
A dart slug comes into view.
The gnoll shouts!
You hit the gnoll.
The gnoll is lightly wounded.
You closely miss the gnoll.
The gnoll is lightly wounded.
The gnoll hits you with a +0 whip. The gnoll barely misses you.
The gnoll hits you from afar with a +0 spear.
You hit the gnoll.
The gnoll is lightly wounded.
The gnoll hits you with a +0 whip! The gnoll closely misses you.
The gnoll barely misses you.
You barely miss the gnoll.
The gnoll is lightly wounded.
The gnoll hits you from afar with a +0 spear.
The gnoll hits you but does no damage. The gnoll closely misses you.
The gnoll barely misses you. The gnoll completely misses you.
The gnoll barely misses you.
You closely miss the gnoll.
The gnoll is lightly wounded.
The gnoll closely misses you. The gnoll hits you with a +0 whip.
The gnoll hits you from afar with a +0 spear!
You barely miss the gnoll.
The gnoll is lightly wounded.
The gnoll barely misses you. x2
The gnoll hits you from afar with a +0 spear.
You hit the gnoll but do no damage.
The gnoll is lightly wounded.
The gnoll hits you with a +0 whip.
You die...

#.# ###### #.# ####
####.##########...
#...............##
##
#........##.#####
....###........##.#
#............##.#
#.#.###.......###.#
.......@g.....###.#
###.##............#
#.##wgg.########.
.<......##### .
#####.......# .
#.#.###.#
#.#.###.####...
.......<.......
#..#............


You could see 3 gnolls and a dart slug.

Vanquished Creatures
  2 adders (D:2)
  2 worms (D:3)
  2 bats
  5 endoplasms
  3 giant cockroaches
  A goblin (D:1)
  4 hobgoblins
  4 jackals (D:3)
  3 kobolds
  3 quokkas
  4 ball pythons
  11 frilled lizards
  14 rats
58 creatures vanquished.

Vanquished Creatures (others)
  3 plants (D:3)
3 creatures vanquished.

Grand Total: 61 creatures vanquished

Notes
Turn   | Place    | Note
-------+----------+-------------------------------------------
     0 | D:1      | qw the Ghoul Enchanter began the quest for the Orb.
     0 | D:1      | Reached XP level 1. HP: 14/14 MP: 2/2
     0 | D:1      | 0 ||| qw: Version: 0.1-a-112-g44dc6cd
     0 | D:1      | 0 ||| qw: Game counter: 6790
     0 | D:1      | 0 ||| qw: Always use a shield: true
     0 | D:1      | 0 ||| qw: God list: Okawaru
     0 | D:1      | 0 ||| qw: Allow faded altars: false
     0 | D:1      | 0 ||| qw: Do Orc after D:15 true
     0 | D:1      | 0 ||| qw: Do second Lair branch before Depths: true
     0 | D:1      | 0 ||| qw: Lair rune preference: random
     0 | D:1      | 0 ||| qw: Plans: Normal
     0 | D:1      | 0 ||| PLANNING D:1-11
    14 | D:1      | 14 ||| SWAPPING to +0 whip.
    15 | D:1      | 15 ||| DROPPING +1 dagger.
   121 | D:1      | Reached skill level 1 in Axes
   178 | D:1      | 178 ||| SWAPPING to +0 trident.
   179 | D:1      | 179 ||| DROPPING +0 whip.
   290 | D:1      | Reached XP level 2. HP: 22/22 MP: 3/3
   297 | D:1      | Reached skill level 1 in Fighting
   434 | D:1      | Found Goituyl's Weapon Emporium.
   449 | D:1      | 449 ||| SHOPLISTING +0 hand axe (39 gold, have 21).
   449 | D:1      | 449 ||| SHOPLISTING +0 war axe (45 gold, have 21).
   559 | D:1      | Found a faded altar of an unknown god.
  1021 | D:1      | 1021 ||| SWAPPING to +2 rapier of electrocution.
  1022 | D:1      | 1022 ||| DROPPING +0 trident.
  1051 | D:1      | 1051 ||| UPGRADING to +0 cloak.
  1056 | D:1      | 1056 ||| READING scroll labelled DUGAEZX MYIRAE.
  1057 | D:1      | 1057 ||| DROPPING 2 potions of invisibility.
  1092 | D:2      | 1092 ||| STAIRDANCE
  1117 | D:2      | Reached XP level 3. HP: 28/28 MP: 4/4
  1782 | D:2      | Found Nulloos's Book Shop.
  1827 | D:2      | Reached XP level 4. HP: 24/36 MP: 5/5
  2088 | D:2      | 2088 ||| UPGRADING to +0 buckler.
  2093 | D:2      | 2093 ||| UPGRADING to +0 leather armour.
  2103 | D:2      | 2103 ||| DROPPING +0 robe.
  2104 | D:2      | 2104 ||| READING scroll labelled JITWUSKIEKK.
  2105 | D:2      | 2105 ||| DRINKING 3 inky potions.
  2165 | D:3      | 2165 ||| Stepping ~*~*~tactically~*~*~ (stealth).
  2174 | D:3      | 2174 ||| Stepping ~*~*~tactically~*~*~ (stealth).
  2176 | D:3      | 2176 ||| Stepping ~*~*~tactically~*~*~ (stealth).
  2177 | D:3      | 2177 ||| Stepping ~*~*~tactically~*~*~ (stealth).
  2182 | D:3      | 2182 ||| Stepping ~*~*~tactically~*~*~ (stealth).
  2184 | D:3      | 2184 ||| Stepping ~*~*~tactically~*~*~ (stealth).
  2198 | D:3      | 2198 ||| Stepping ~*~*~tactically~*~*~ (stealth).
  2208 | D:3      | Found the amulet of Elemental Vulnerability {rPois rF--
                  | rC-- AC+8}
  2289 | D:3      | HP: 6/36 [gnoll/+0 spear (8)]
  2291 | D:3      | Slain by a gnoll

Levels and vault maps discovered:
D:1:      dpeg_arrival_round_c, layout_loops_ring, serial_shops, shop_fountains,
          ebering_ecumenical_altar_ruins
D:2:      layout_basic, serial_shops, nicolae_shop_crystal,
          minmay_rat_gold_closets
D:3:      layout_loops_cross, nicolae_hepliaklqana_hazy_memory

Skill      XL: |  1  2  3 |
---------------+----------+-----
Axes           | 1 2 |  2.9
Fighting       | 1 2 |  2.0
Short Blades   | |  0.8
Dodging        | |  1.7
Stealth        | |  3.2
Spellcasting   | |  1.7
Hexes          | |  2.4

Action                   |  1- 3 |  4- 6 || total
-------------------------+-------+-------++-------
Melee: Whip              |     8 |       ||     8
       Trident           |    44 |       ||    44
       Dagger            |     1 |       ||     1
       Rapier            |    62 |    29 ||    91
       Punch             |     1 |       ||     1
  Use: Scroll            |     1 |     1 ||     2
       Potion            |       |     1 ||     1
 Stab: Sleeping          |     5 |       ||     5
Armor: Robe              |    11 |     2 ||    13
       Leather armour    |       |     3 ||     3
Dodge: Dodged            |    50 |    21 ||    71
Block: Buckler           |       |     1 ||     1

Table legend:
 A = Non-vault XP
 B = Vault XP
 C = Vault XP percentage of total XP
 D = Non-vault monster count
 E = Vault monster count
 F = Vault count percentage of total count
                 A         B        C        D         E       F
            +---------+---------+-------+---------+---------+-------
      Total |     109 |       7 |   6.0 |      51 |       7 |  12.1
            +---------+---------+-------+---------+---------+-------
        D:1 |      31 |       0 |   0.0 |      22 |       0 |   0.0
        D:2 |      55 |       7 |  11.3 |      20 |       7 |  25.9
        D:3 |      23 |       0 |   0.0 |       9 |       0 |   0.0
            +---------+---------+-------+---------+---------+-------
